Solid gameplay, trying a new LUFT build. Need advice

Match 29694850
End
Pioneer Squad
Selects Luftwaffe Battlegroup
Selects Luftwaffe Pioneer Support
Fallschirmpioneer Squad Paradrop
Construct Infanterie Kompanie
Fallschirmpioneer Squad Paradrop
MG 42 Machine Gun Team
Construct Luftwaffe Kompanie
221 Scout Car
Medical Bunker
Selects LG40 Recoilless Gun Paradrop
Selects Stuka Strafing Run
Jäger Squad
Support Elements
Wirbelwind Flakpanzer
Selects Fallschirmjäger Squad Paradrop
Stuka Strafing Run
Marder III M Tank Destroyer
Grenadier Squad
Stuka Strafing Run
LG40 Recoilless Gun Paradrop
Fallschirmjäger Squad Paradrop
GrW 34 Mortar Team
Stuka Strafing Run
Construct Panzer Kompanie
Stuka Strafing Run
Stuka Strafing Run
Sturmpanzer IV Brummbär
Pioneer Squad
Stuka Strafing Run
Grenadier Squad
Selects Fragmentation Bombs
Fragmentation Bombs
Fragmentation Bombs
Panzer IV Medium Tank
Side Skirts
Jäger Squad
Grenadier Squad
Infanterie Officer Quarters
Stuka Strafing Run
Stuka Strafing Run
Stuka Strafing Run
Stoßtruppen Squad
Stuka Strafing Run
Fragmentation Bombs
Fallschirmjäger Squad Paradrop
Stuka Strafing Run
Fallschirmjäger Squad Paradrop
Sturmpanzer IV Brummbär
Stuka Strafing Run
Stuka Strafing Run
DrSpread_Ur_Cheeks
Sandwichtogo
0
0

Comments sign in to comment!

DrSpread_Ur_Cheeks [U] 7 months ago

New build im trying with Luft HQ. 221 w/ Radar n mortar against british. Wirbel n Marder are gonna be my back bone. Heavy INF engagements and negating armor. This build is hard to manage beacause the sheer size you can get it up to.
You think i should tech sideways to Mechanized for Nebelwerfer and Stug? or P4, or stick with 2 brumbars. I personally dont like P4 but i do think stugs are cheaper and less punishing when lost. Also trying to include Stosstrup. Fallschirmjaegar do get the job done tho

IIGaryII 7 months ago

Hello DrSpread ! Well, your BO will do not match when you will meet "better" player (ELO 1150++) => Fail frontline unit, Miss counter vehicle options, Fail counter vehicle timing, Lufftwaffe Doctrine revealed too early (bad issues when allied knows that too early). It is not your fault (or something about your "skills"). It is just some weaknesses of FsPioneer and WM Side. I always play WM, and "often" Lufftwaffe Doctrine. That would be really too long to explain all details. So let s me 30min to upload one of my game (vs YunugSG35 ; ELO 1200-1300 ; solid player who respect the meta game of CoH3) and put some comments to show "philosophy".